 Dungeon Crawl Stone Soup version 0.23-a0-558-g30802b1 (webtiles) character file.

1582 Loading the Cudgeler (level 8, -11/51 HPs)
             Began as a Gargoyle Monk on Dec 13, 2018.
             Mangled by an orc warrior
             ... wielding a +0 halberd
              (17 damage)
             ... on level 6 of the Dungeon.
             The game lasted 00:20:08 (7585 turns).

Loading the Cudgeler (Gargoyle Monk)                Turns: 7585, Time: 00:20:09

Health: -11/51     AC: 17    Str: 14    XL:     8   Next: 91%
Magic:  8/8        EV:  8    Int: 12    God:
Gold:   225        SH:  0    Dex: 14    Spells: 7/7 levels left

rFire    . . .     SeeInvis .   a - +0 mace
rCold    . . .     Gourm    .   (no shield)
rNeg     + . .     Faith    .   s - +0 chain mail
rPois    ∞         Spirit   .   (no helmet)
rElec    +         Reflect  .   e - +1 cloak {rPois}
rCorr    .         Harm     .   (no gloves)
MR       .....     Clarity  +   (no boots)
Stlth    ..........             (no amulet)
HPRegen  0.17/turn              (no ring)
MPRegen  0.11/turn              (no ring)

@: no status effects
A: clarity, negative energy resistance 1, electricity resistance, wild magic 1,
unbreathing, petrification resistance, rot immunity, AC +5
a: no special abilities


You were on level 6 of the Dungeon.
You were not hungry.

You visited 1 branch of the dungeon, and saw 6 of its levels.
You also visited: Ossuary.

You collected 225 gold pieces.

Inventory:

Hand Weapons
 a - a +0 mace (weapon)
Armour
 e - a +1 cloak of poison resistance (worn)
 s - a +0 chain mail (worn)
 u - a +2 pair of gloves
Wands
 b - a wand of scattershot (5)
 t - a wand of flame (20)
Scrolls
 f - 3 scrolls of teleportation
 h - 2 scrolls of immolation
 k - 2 scrolls of remove curse
 l - a scroll of amnesia {unknown}
 m - a scroll of enchant armour
Potions
 d - a potion of resistance
 g - 2 potions of curing
 j - 3 potions of lignification
 n - 2 potions of heal wounds
 o - a potion of agility
 p - a potion of brilliance
 q - a potion of cancellation {unknown}
 r - a potion of flight
 v - a potion of might {unknown}
Comestibles
 c - 3 rations


   Skills:
 + Level 6.3 Fighting
 * Level 7.5 Maces & Flails
 + Level 5.0 Armour
 + Level 4.7 Dodging
 - Level 2.1 Stealth


You had 7 spell levels left.
You didn't know any spells.
Your spell library was empty.

Dungeon Overview and Level Annotations

Branches:
Dungeon (6/15)
 Temple: D:4-7

Altars:
Okawaru
Ru
Sif Muna
Uskayaw
Vehumet
Wu Jian
Yredelemnul

Annotations:
D:2 1 runed door


Innate Abilities, Weirdness & Mutations

You are resistant to torment.
Your stone body is resilient. (AC +5)
You are immune to poison.
You resist negative energy. (rN+)
You are resistant to electric shocks. (rElec)
You can survive without breathing.
You are immune to petrification.
You are immune to rotting.
You possess an exceptional clarity of mind.
Your spells are a little harder to cast, but a little more powerful.


Message History

The orc warrior hits you but does no damage.
You hit the orc warrior.
The orc warrior is heavily wounded.
The orc warrior barely misses you.
You hit the orc warrior.
The orc warrior is severely wounded.
You barely miss the orc warrior.
The orc warrior is severely wounded.
The orc warrior hits you with a +0 halberd.
You hit the orc warrior but do no damage.
The orc warrior is severely wounded.
The orc warrior closely misses you.
You hit the orc warrior but do no damage.
The orc warrior is severely wounded.
The orc warrior hits you with a +0 halberd!!
* * * LOW HITPOINT WARNING * * *
You hit the orc warrior but do no damage.
The orc warrior is severely wounded.
The orc warrior hits you with a +0 halberd!
You die...

#.###.#.#......###.##....../#
#.....#....o..##
#.##.##a.#### #########..a###
#....%.....[. #.).#
####a######## #...########..#
#.........##a##
#######...#####.##o
.................#. ###
...........@.....#.##<.
...........o.....#.##.####
######....#..............#
#................##.#
##......##.#......##.#
#.......##........##.#
#.................##<#
#....................#
##.....#####.##.######


You could see an orc warrior.

Vanquished Creatures
  Menkaure (D:5)
  A soldier ant (D:5)
  A phantom (D:5)
  5 ogres
  5 hounds
  A jelly (D:5)
  A bullfrog skeleton (D:5)
  A centaur skeleton (D:4)
  2 human skeletons (D:2)
  Ijyb (D:4)
  An orc wizard (D:4)
  7 worker ants
  12 mummies (Ossuary)
  9 adders
  2 oozes
  2 adder skeletons (D:5)
  2 worms
  4 dart slugs
  3 leopard geckos
  An orc (D:4)
  4 giant cockroaches
  5 goblins
  5 hobgoblins
  3 jackals (D:5)
  5 kobolds
  2 quokkas
  A ball python (D:3)
  A ball python skeleton (D:5)
  6 bats
  3 frilled lizards (D:1)
  A gnoll skeleton (Ossuary)
  A jackal zombie (D:2)
  3 kobold skeletons (Ossuary)
  A kobold zombie (D:2)
  A leopard gecko skeleton (D:5)
  3 orc skeletons (Ossuary)
  10 rats
  11 rat skeletons (Ossuary)
128 creatures vanquished.

Vanquished Creatures (others)
  A kobold skeleton (Ossuary)
1 creature vanquished.

Grand Total: 129 creatures vanquished

Notes
Turn   | Place    | Note
-------+----------+-------------------------------------------
     0 | D:1      | Loading the Gargoyle Monk began the quest for the Orb.
     0 | D:1      | Reached XP level 1. HP: 14/14 MP: 1/1
   154 | D:1      | Reached XP level 2. HP: 14/19 MP: 2/2
   801 | D:2      | Reached skill level 1 in Armour
  1086 | D:2      | Reached XP level 3. HP: 14/23 MP: 3/3
  1531 | D:2      | Found a runed door.
  1531 | D:2      | Noticed a human
  1533 | D:2      | Found a basalt altar of Yredelemnul.
  1542 | D:2      | Reached XP level 4. HP: 20/29 MP: 4/4
  1789 | D:2      | Reached skill level 4 in Maces & Flails
  2021 | D:2      | Reached XP level 5. HP: 22/33 MP: 5/5
  2595 | D:3      | Found a faded altar of an unknown god.
  2699 | D:3      | Found a hide-covered altar of Uskayaw.
  3303 | D:4      | Found a sand-covered staircase.
  3308 | Ossuary  | Entered an ossuary
  3373 | Ossuary  | HP: 1/33 [mummy (6)]
  3379 | Ossuary  | HP: 1/33 [gnoll skeleton (1)]
  3415 | Ossuary  | Gained mutation: Your spells are a little harder to cast,
                  | but a little more powerful. [potion of mutation]
  3415 | Ossuary  | Gained mutation: You possess an exceptional clarity of
                  | mind. [potion of mutation]
  3801 | Ossuary  | Reached XP level 6. HP: 33/39 MP: 6/6
  4532 | D:4      | Reached skill level 5 in Maces & Flails
  4637 | D:4      | Found a sacrificial altar of Ru.
  4747 | D:4      | Found a deep blue altar of Sif Muna.
  4925 | D:4      | Noticed Ijyb
  4978 | D:4      | Killed Ijyb
  5174 | D:4      | Reached XP level 7. HP: 41/44 MP: 7/7
  5364 | D:4      | Found a radiant altar of Vehumet.
  5557 | D:5      | Entered Level 5 of the Dungeon
  5744 | D:5      | Reached skill level 5 in Fighting
  5854 | D:5      | Reached skill level 6 in Maces & Flails
  6006 | D:5      | Found an iron altar of Okawaru.
  6196 | D:5      | Reached XP level 8. HP: 38/50 MP: 8/8
  6311 | D:5      | Noticed Menkaure
  6320 | D:5      | Killed Menkaure
  6838 | D:6      | Found an ornate altar of the Wu Jian Council.
  6873 | D:6      | Reached skill level 7 in Maces & Flails
  7329 | D:5      | Reached skill level 5 in Armour
  7585 | D:6      | Mangled by an orc warrior

Vault maps used:
D:1:      roderic_chinese_lattice_arrival, minmay_hexomino_f4
D:2:      nicolae_overflow_hidden_temple, dk_yredelemnul_ordeal
D:3:      overflow_temple_1_default, first_ration,
          chequers_ecumenical_altar_simple
D:4:      vehumet_altar_wand_db, nicolae_ru_great_annihilating_truth,
          lemuel_doored_altar, enter_ossuary_2, uniq_ijyb
D:5:      okawaru_metal_pillars_3, nemelex_xobeh_ov_fountains_minmay,
          uniq_menkaure
D:6:      nicolae_overflow_crystal_walls, kennysheep_generic_room_5
Ossuary:  ossuary_due_small_catacomb

Skill      XL: |  1  2  3  4  5  6  7  8 |
---------------+-------------------------+-----
Armour         | 1 2 3 5 |  5.0
Maces & Flails | 4 5 6 7 |  7.5
Fighting       | 4 5 6 |  6.3
Dodging        | 3 4 |  4.7
Stealth        | |  2.1

Action                   |  1- 3 |  4- 6 |  7- 9 || total
-------------------------+-------+-------+-------++-------
Melee: Mace              |    95 |   338 |   392 ||   825
  Use: Scroll            |       |    11 |     2 ||    13
       Potion            |       |    10 |     1 ||    11
 Stab: Sleeping          |     4 |     1 |       ||     5
       Invisible         |       |     4 |       ||     4
       Paralysed         |       |     1 |       ||     1
  Eat: Chunk             |     1 |     3 |     8 ||    12
       Ration            |       |     3 |       ||     3
Armor: Robe              |    21 |     9 |       ||    30
       Scale mail        |       |    66 |       ||    66
       Skin              |       |     4 |       ||     4
       Chain mail        |       |    51 |   279 ||   330
Dodge: Dodged            |    63 |   145 |   176 ||   384

Table legend:
 A = Non-vault XP
 B = Vault XP
 C = Vault XP percentage of total XP
 D = Non-vault monster count
 E = Vault monster count
 F = Vault count percentage of total count
                 A         B        C        D         E       F
            +---------+---------+-------+---------+---------+-------
      Total |    1682 |     578 |  25.6 |      85 |      43 |  33.6
            +---------+---------+-------+---------+---------+-------
        D:1 |      24 |       2 |   7.7 |      15 |       1 |   6.2
        D:2 |      67 |      75 |  52.8 |      12 |       4 |  25.0
        D:3 |      38 |       0 |   0.0 |      14 |       0 |   0.0
        D:4 |     234 |      79 |  25.2 |      11 |       6 |  35.3
        D:5 |     982 |     185 |  15.9 |      26 |       2 |   7.1
        D:6 |     337 |       0 |   0.0 |       7 |       0 |   0.0
    Ossuary |       0 |     237 | 100.0 |       0 |      30 | 100.0
            +---------+---------+-------+---------+---------+-------
